 Dungeon Crawl Stone Soup version 0.19.1-1-g22dce08 (webtiles) character file.

148982 nikopol the Marksgargoyle (level 17, -15/112 HPs)
             Began as a Gargoyle Berserker on Jan 13, 2017.
             Was the Champion of Trog.
             Killed from afar by an Ice Fiend (35 damage)
             ... with a bolt of cold
             ... in an ice cave on Jan 14, 2017.
             The game lasted 02:02:32 (37248 turns).

nikopol the Marksgargoyle (Gargoyle Berserker)     Turns: 37248, Time: 02:02:32

Health: -15/112    AC: 42    Str: 23    XL:     17   Next: 50%
Magic:  17/17      EV: 20    Int: 11    God:    Trog [******]
Gold:   1328       SH:  0    Dex: 14    Spells: 0 memorised, 16 levels left

rFire  + . .     SeeInvis +     z - +7 shortbow (freeze)
rCold  . . .     Gourm    .     U - +9 scale mail of Geotudil {rPois rF+}
rNeg   + . .     Faith    .     (shield currently unavailable)
rPois  ∞         Spirit   .     X - +2 helmet {Int+3}
rElec  +         Reflect  .     v - +2 cloak
rCorr  .         Harm     .     l - +0 pair of gloves
MR     +++..                    s - +1 pair of boots
Stlth  ..........               (no amulet)
                                r - +4 ring of evasion
                                Y - ring of see invisible

@: starving, regenerating, studying Fighting
A: big wings, negative energy resistance 1, electricity resistance, unbreathing,
petrification resistance, rot immunity, AC +12
a: Fly, Berserk, Trog's Hand, Brothers in Arms, Burn Spellbooks, Renounce
Religion


You were in an ice cave.
You worshipped Trog.
Trog was exalted by your worship.
You were starving.

You visited 4 branches of the dungeon, and saw 26 of its levels.
You also visited: Labyrinth, Sewer, Ice Cave and Volcano.

You collected 2851 gold pieces.
You spent 1523 gold pieces at shops.

Inventory:

Hand Weapons
 a - the +9 war axe "Uskiema" {chop, rElec rN+}
   (You found it in a labyrinth)

   It inflicts extra damage upon your enemies.
   It insulates you from electricity.
   It protects you from negative energy.
 h - a +4 antimagic war axe
 z - a +7 shortbow of freezing (weapon)
 I - a +5 battleaxe of chopping
 M - a +5 antimagic executioner's axe
Missiles
 A - 747 arrows (quivered)
Armour
 l - a +0 pair of gloves (worn)
 s - a +1 pair of boots (worn)
 v - a +2 cloak (worn)
 H - the +1 chain mail of Duck's Teeth {rN+ Dex+2}
   (You found it on level 15 of the Dungeon)

   It affects your dexterity (+2).
   It protects you from negative energy.
 U - the +9 scale mail of Geotudil (worn) {rPois rF+}
   (You found it in a labyrinth)

   It protects you from fire.
   It protects you from poison.
 X - a +2 helmet of intelligence (worn)
Jewellery
 e - the ring of Kuoczuon {Wiz rF+ Int+3}
   (You found it on level 6 of the Lair of Beasts)

   [ring of wizardry]

   It improves your spell success rate.
   It affects your intelligence (+3).
   It protects you from fire.
 m - an uncursed ring of positive energy
 p - an uncursed ring of protection from fire
 r - a +4 ring of evasion (right hand)
 Y - a ring of see invisible (left hand)
Wands
 n - a wand of disintegration (8/24)
 y - a wand of polymorph (13/24)
 E - a wand of disintegration (10/24)
 J - a wand of polymorph (11/24)
 O - a wand of teleportation (9/9)
 S - a wand of digging (16/24)
Scrolls
 i - 3 scrolls of fog
 j - 6 scrolls of identify
 q - 11 scrolls of remove curse
 x - 8 scrolls of teleportation
 C - 3 scrolls of blinking
 D - 3 scrolls of fear
 G - 4 scrolls of magic mapping
 P - 3 scrolls of enchant weapon
 V - 4 scrolls of enchant armour
Potions
 b - 5 potions of haste
 d - 21 potions of curing
 f - 9 potions of heal wounds
 o - a potion of invisibility
 u - 6 potions of brilliance
 w - 4 potions of agility
 B - 4 potions of cancellation
 F - 3 potions of flight
 K - a potion of magic
 N - 3 potions of resistance
 Q - a potion of ambrosia
Books
 t - a manual of Fighting
Comestibles
 c - 17 bread rations
 g - 34 fruits
 k - 7 meat rations


   Skills:
 + Level 14.8 Fighting
 * Level 15.3 Axes
 * Level 15.6 Bows
 + Level 13.3 Armour
 + Level 10.1 Dodging


You had 16 spell levels left.
You didn't know any spells.

Dungeon Overview and Level Annotations

Branches:
Dungeon (15/15)            Temple (0/1) D:6            Lair (6/6) D:10
 Shoals (0/4) Lair:2        Snake (3/4) Lair:2        Slime (0/5) Lair:6
    Orc (2/2) D:10            Elf (0/3) Orc:2        Vaults (0/5) D:14
 Depths (0/5) D:15

Altars:
Dithmenos
Fedhas
Gozag
Hepliaklqana
Makhleb
Nemelex Xobeh
Okawaru
Qazlal
Sif Muna
Vehumet
Zin
Beogh

Shops:
D:8 [   D:12 [[   Orc:2 :[%?   Snake:1 %}

Portals:
Pandemonium: Orc:2

Annotations:
Lair:6 2 runed doors


Innate Abilities, Weirdness & Mutations

You are resistant to torment.
Your stone body is resilient. (AC +12)
You are immune to poison.
Your large and strong wings let you fly indefinitely.
You resist negative energy. (rN+)
You are resistant to electric shocks. (rElec)
You can survive without breathing.
You are immune to petrification.
You are immune to rotting.


Message History

Firing (i - inventory):
A - 748 arrows (quivered)
Press: ? - help, Shift-Dir - straight line, f/p - Ice Fiend
Aim: an Ice Fiend (lightly wounded)
You shoot an arrow.
The arrow hits the Ice Fiend but does no damage.
The Ice Fiend is lightly wounded.
The Ice Fiend gestures at you. The bolt of cold hits you!
* * * LOW HITPOINT WARNING * * *
You are too injured to fight recklessly!
Your hill giant goes berserk!
You feel quite a bit more hungry.
Your skin crawls.
You feel resistant to hostile enchantments.
You are starving!
Your hill giant hits the Ice Fiend with a giant club!!!
Your hill giant hits the Ice Fiend but does no damage.
The Ice Fiend gestures at you. The bolt of cold hits you!
You die...

#.#####.#.8.8.8.########
##.#[!?#.#............#..
#(.'[⌠(#.'............'..
#(# #.#............#..
#(#####.#.8.8.8.########
#.((..C.#.......'.# 44#
######1.#'#'#'#'### #.4#
##.#.#.#.#.# ####
#@######### #. #.'......
## #########


You could see an Ice Fiend and a friendly hill giant (berserk).

Vanquished Creatures
  Vashnia (Snake:2)
  Asterion (Snake:3)
  Kirke (Snake:2)
  Roxanne (Snake:1)
  2 nagarajas
  Aizul (Snake:1)
  The ghost of theAP the Executioner, a journeyman HOFi of Uskayaw (D:14)
  The ghost of kae the Basher, a journeyman FoFi of Okawaru (Volcano)
  A stone giant (Orc:1)
  2 entropy weavers (Lair:4)
  The ghost of Yoshimo the Shatterer, a journeyman OgMo of the Shining One (D:14)
  The ghost of theAP the Severer, a journeyman HOFi of Beogh (D:12)
  An ogre mage (D:15)
  A minotaur (Lab)
  Harold (D:12)
  2 yaktaur captains
  2 hydras
  6 centaur warriors
  3 naga warriors
  A catoblepas (Lair:6)
  2 death knights
  Erica (Lair:1)
  2 tengu warriors
  A queen ant (Lair:4)
  3 anacondas
  Urug (Lair:5)
  4 shock serpents
  4 naga sharpshooters (Snake:2)
  11 death yaks (Lair:6)
  A hell knight (Volcano)
  2 orc high priests (Orc:2)
  A skeletal warrior (D:12)
  8 sea snakes (Snake:1)
  An unseen horror (shapeshifter) (D:14)
  An infernal demonspawn (Orc:2)
  2 torturous demonspawn (Orc:2)
  A gelid demonspawn (Orc:2)
  2 naga ritualists (Snake:1)
  A lindwurm (Lair:6)
  4 unseen horrors
  A phantasmal warrior (D:13)
  4 orc knights (Orc:2)
  4 hill giants
  A cyclops (D:12)
  10 orc sorcerers
  2 oklob plants
  3 mana vipers
  4 ugly things
  A deep elf mage (D:13)
  A salamander (Snake:1)
  2 centaur zombies
  12 elephants
  A manticore (D:12)
  4 ice statues (IceCv)
  A rust devil (Orc:2)
  2 gargoyles (D:14)
  3 molten gargoyles (Lair:6)
  19 black mambas
  2 orange demons (Orc:2)
  10 spiny frogs
  3 naga magi
  Joseph (D:10)
  5 yaktaurs
  2 rime drakes
  An anaconda simulacrum (IceCv)
  14 komodo dragons
  3 efreet
  2 freezing wraiths (D:12)
  7 ice devils (IceCv)
  2 hellwings (Orc:2)
  3 tengu conjurers
  9 trolls
  A red devil (Orc:2)
  8 meliai
  A polar bear (shapeshifter) (D:14)
  2 hornets
  5 two-headed ogres
  A minotaur zombie (Lab)
  The ghost of Yoshimo the Magician, an amateur DgWz (D:3)
  14 blink frogs
  5 dream sheep (Lair:5)
  Grinder (D:6)
  9 hippogriffs
  A snapping turtle (Lair:2)
  5 slime creatures
  A spriggan (D:7)
  A meliai zombie (D:11)
  An air elemental (D:11)
  A dire elephant simulacrum (IceCv)
  8 wyverns
  A vampire (D:11)
  Eustachio (D:4)
  2 shadows
  3 wraiths
  5 fire bats (Volcano)
  A water elemental (D:11)
  30 yaks
  A fire elemental (D:11)
  8 basilisks
  A redback simulacrum (D:13)
  A steam dragon (Lair:5)
  3 mottled dragons
  8 vampire mosquitoes
  13 nagas
  A hungry ghost (D:13)
  4 harpy simulacra (IceCv)
  A warg (Orc:2)
  4 hydra simulacra (IceCv)
  18 soldier ants
  5 porcupines
  12 water moccasins
  30 orc warriors
  4 hell hounds (Lair:6)
  6 ice beasts
  2 black bears
  An eye of draining (D:13)
  A sky beast (D:8)
  2 necrophages
  14 ogres
  4 phantoms
  3 wolves (Lair:6)
  24 centaurs
  15 crocodiles
  16 bullfrogs
  5 big kobolds
  A wyvern zombie (D:14)
  An earth elemental (D:11)
  7 scorpions
  A wyvern skeleton (D:13)
  18 killer bees
  5 wights (D:10)
  4 howler monkeys
  6 electric eels
  6 crimson imps
  8 hounds
  10 lava snakes
  6 centaur skeletons
  A gnoll shaman (D:4)
  A quasit (D:12)
  30 orc priests
  6 iguanas
  8 jellies
  28 orc wizards
  A bullfrog skeleton (D:6)
  Ijyb (D:2)
  7 hell rats (Lair:6)
  24 worker ants
  A hound zombie (D:7)
  A hound skeleton (D:9)
  2 howler monkey zombies (D:5)
  5 gnolls (D:4)
  3 river rats
  17 adders
  4 shadow imps
  2 oozes (Sewer)
  An adder zombie (D:9)
  An adder skeleton (D:5)
  2 worms (D:3)
  5 dart slugs
  3 leopard geckos
  81 orcs
  6 ball pythons
  11 bats
  6 giant cockroaches
  10 hobgoblins
  6 jackals
  2 quokkas
  8 frilled lizards
  12 goblins
  A jackal skeleton (D:4)
  A jackal zombie (D:7)
  24 kobolds
  A leopard gecko zombie (D:7)
  2 quokka skeletons
  A quokka zombie (D:5)
  17 rats
  79 fungi
  129 plants
1163 creatures vanquished.

Vanquished Creatures (collateral kills)
  A hydra (Lair:4)
  An orc sorcerer (Orc:2)
  8 soldier ants (Lair:4)
  5 worker ants (Lair:4)
15 creatures vanquished.

Vanquished Creatures (others)
  A human (Snake:2)
  A mottled dragon (Lair:6)
  A bush (Lair:6)
  8 fungi
  6 plants
17 creatures vanquished.

Grand Total: 1195 creatures vanquished

Notes
Turn   | Place    | Note
-------+----------+-------------------------------------------
     0 | D:1      | nikopol the Gargoyle Berserker began the quest for the Orb.
     0 | D:1      | Reached XP level 1. HP: 14/14 MP: 1/1
   321 | D:1      | Reached XP level 2. HP: 19/19 MP: 2/2
   756 | D:1      | Reached XP level 3. HP: 23/23 MP: 3/3
  1056 | D:2      | Reached ** piety under Trog
  1468 | D:2      | Noticed Ijyb
  1485 | D:2      | Killed Ijyb
  1485 | D:2      | Reached XP level 4. HP: 28/29 MP: 4/4
  2020 | D:3      | Found a glowing drain.
  2024 | Sewer    | Entered a sewer
  2120 | Sewer    | Noticed a big kobold
  2120 | Sewer    | Noticed a big kobold
  2137 | Sewer    | Killed a big kobold
  2137 | Sewer    | Reached XP level 5. HP: 20/34 MP: 5/5
  2143 | Sewer    | Killed a big kobold
  2143 | Sewer    | Reached XP level 6. HP: 16/39 MP: 6/6
  2439 | Sewer    | Reached *** piety under Trog
  2494 | D:3      | Reached skill level 5 in Fighting
  2627 | D:3      | Reached XP level 7. HP: 18/44 MP: 7/7
  3301 | D:3      | Noticed Yoshimo's ghost (amateur DgWz)
  3313 | D:3      | Killed Yoshimo's ghost
  3313 | D:3      | Reached skill level 1 in Bows
  3530 | D:4      | Noticed Eustachio
  3558 | D:4      | Killed Eustachio
  3581 | D:4      | Reached skill level 5 in Axes
  3581 | D:4      | Reached XP level 8. HP: 44/51 MP: 8/8
  3684 | D:4      | Found a shadowy altar of Dithmenos.
  3985 | D:4      | Reached skill level 5 in Armour
  4211 | D:4      | Reached **** piety under Trog
  4425 | D:4      | Received a gift from Trog
  4430 | D:4      | Found an iron altar of Okawaru.
  4529 | D:5      | Entered Level 5 of the Dungeon
  4535 | D:5      | Found a shadowy altar of Dithmenos.
  5783 | D:6      | Noticed Grinder
  5804 | D:6      | Killed Grinder
  5804 | D:6      | Reached XP level 9. HP: 34/56 MP: 9/9
  6016 | D:6      | Found a staircase to the Ecumenical Temple.
  6617 | D:7      | Reached skill level 5 in Bows
  7509 | D:7      | Reached ***** piety under Trog
  7794 | D:7      | Reached XP level 10. HP: 63/63 MP: 10/10
  8048 | D:7      | Received a gift from Trog
  8288 | D:7      | Received a gift from Trog
  8451 | D:8      | Reached skill level 5 in Dodging
  8856 | D:8      | Found a stormy altar of Qazlal.
  8990 | D:8      | Found a deep blue altar of Sif Muna.
  8991 | D:8      | Found a burning altar of Makhleb.
  8992 | D:8      | Found a radiant altar of Vehumet.
  8996 | D:8      | Found a hazy altar of Hepliaklqana.
  9080 | D:8      | Found Punyram's Armour Emporium.
  9788 | D:9      | Found a blossoming altar of Fedhas.
  9798 | D:9      | Noticed an oklob plant
  9833 | D:9      | Killed an oklob plant
 10431 | D:9      | Paralysed by fainting for 8 turns
 10473 | D:9      | Paralysed by fainting for 12 turns
 11019 | D:9      | Found a glowing silver altar of Zin.
 11218 | D:10     | Entered Level 10 of the Dungeon
 11498 | D:10     | Killed an unseen horror
 11498 | D:10     | Reached XP level 11. HP: 47/68 MP: 11/11
 11597 | D:10     | Received a gift from Trog
 11603 | D:10     | Found a staircase to the Lair.
 11798 | D:10     | Found a staircase to the Orcish Mines.
 11894 | D:10     | Received a gift from Trog
 12098 | D:10     | Noticed Joseph
 12110 | D:10     | Killed Joseph
 12293 | D:10     | Found a roughly hewn altar of Beogh.
 12809 | D:11     | Received a gift from Trog
 12811 | D:11     | Killed an unseen horror
 13676 | D:11     | Noticed a hill giant
 13689 | D:11     | Killed a hill giant
 14316 | D:11     | Received a gift from Trog
 14328 | D:11     | Found a large runed door.
 14328 | D:11     | Found a large runed door.
 14591 | D:11     | Noticed a cyan ugly thing
 14600 | D:11     | Killed a cyan ugly thing
 14824 | Lair:1   | Entered Level 1 of the Lair of Beasts
 15127 | Lair:1   | Reached XP level 12. HP: 76/76 MP: 12/12
 15224 | Lair:1   | Reached skill level 10 in Axes
 15603 | Lair:1   | Received a gift from Trog
 15668 | Lair:1   | Noticed Erica
 15688 | Lair:1   | Killed Erica
 16150 | Lair:2   | Reached skill level 10 in Bows
 16186 | Lair:2   | Found a labyrinth entrance.
 16201 | Lab      | Entered a labyrinth
 16717 | Lab      | Noticed a minotaur
 16726 | Lab      | Killed a minotaur
 16731 | Lab      | Identified the Volume of Fiery Ice
 16781 | Lab      | Got a shimmering war axe
 16781 | Lab      | Got a dazzling scale mail
 17092 | Lair:2   | Identified the +9 scale mail of Geotudil {rPois rF+} (You found it in a labyrinth)
 17109 | Lair:2   | Identified the +9 war axe "Uskiema" {chop, rElec rN+} (You found it in a labyrinth)
 17479 | Lair:2   | Found a staircase to the Snake Pit.
 17647 | Lair:2   | Found a staircase to the Shoals.
 17664 | Lair:2   | Reached skill level 10 in Fighting
 18378 | Lair:3   | Reached XP level 13. HP: 82/82 MP: 13/13
 19120 | Lair:4   | Received a gift from Trog
 19212 | Lair:4   | Reached skill level 10 in Armour
 19214 | Lair:4   | Noticed an entropy weaver
 19216 | Lair:4   | Noticed an entropy weaver
 19225 | Lair:4   | Killed an entropy weaver
 19244 | Lair:4   | Killed an entropy weaver
 19259 | Lair:4   | Received a gift from Trog
 19359 | Lair:4   | Found a dark tunnel.
 19364 | Volcano  | Entered a volcano
 19599 | Volcano  | Noticed kae's ghost (journeyman FoFi)
 19631 | Volcano  | Killed kae's ghost
 20032 | Volcano  | Found a bloodstained altar of Trog.
 20051 | Volcano  | Got a transparent war axe
 20088 | Volcano  | Found a bloodstained altar of Trog.
 20355 | Lair:4   | Identified the +6 war axe of the Visionary {antimagic, rPois} (You found it in a volcano)
 21027 | Lair:5   | Gained mutation: Your large and strong wings let you fly indefinitely. [Gargoyle growth]
 21027 | Lair:5   | Reached XP level 14. HP: 90/90 MP: 14/14
 21057 | Lair:5   | Found an opulent altar of Gozag.
 21115 | Lair:5   | Noticed Urug
 21135 | Lair:5   | Killed Urug
 22125 | Lair:6   | Entered Level 6 of the Lair of Beasts
 22316 | Lair:6   | Found a staircase to the Slime Pits.
 22371 | Lair:6   | Received a gift from Trog
 22968 | Lair:6   | Got a slimy tin ring
 23759 | Lair:6   | Found a large runed door.
 23759 | Lair:6   | Found a large runed door.
 24585 | Lair:6   | Received a gift from Trog
 24585 | Lair:6   | Reached XP level 15. HP: 87/96 MP: 15/15
 24872 | Orc:1    | Entered Level 1 of the Orcish Mines
 25049 | Orc:2    | Entered Level 2 of the Orcish Mines
 25222 | Orc:2    | Received a gift from Trog
 25476 | Orc:2    | Found a staircase to the Elven Halls.
 25778 | Orc:2    | Found Sappaud's Food Shoppe.
 25797 | Orc:2    | Found Saohi's Magic Scroll Emporium.
 25956 | Orc:2    | Reached ****** piety under Trog
 26053 | Orc:2    | Received a gift from Trog
 26810 | Orc:2    | Paralysed by an orc sorcerer for 5 turns
 26845 | Orc:2    | Paralysed by an orc sorcerer for 2 turns
 27466 | Orc:2    | Paralysed by an orc sorcerer for 5 turns
 27473 | Orc:2    | Received a gift from Trog
 27566 | Orc:2    | Found Tauva's Antique Armour Boutique.
 27566 | Orc:2    | Found a one-way gate leading to the halls of Pandemonium.
 27566 | Orc:2    | Found Xoasok's Book Shop.
 27582 | Orc:2    | Bought a manual of Fighting for 1324 gold pieces
 27590 | Orc:2    | Bought a glowing cloak for 199 gold pieces
 27636 | Orc:2    | Identified the ring of Kuoczuon {Wiz rF+ Int+3} (You found it on level 6 of the Lair of Beasts)
 27786 | D:12     | Noticed theAP's ghost (journeyman HOFi)
 27802 | D:12     | Killed theAP's ghost
 27853 | D:12     | Found Penlaq's Armour Shoppe.
 28111 | D:12     | Found Darrones's Armour Emporium.
 28118 | D:12     | Received a gift from Trog
 28267 | D:12     | Noticed Harold
 28283 | D:12     | Killed Harold
 29585 | D:13     | Received a gift from Trog
 29591 | D:13     | Identified a +6 rod of clouds (9/9) (You took it off a centaur on level 7 of the Dungeon)
 30454 | D:14     | Reached XP level 16. HP: 103/103 MP: 16/16
 30674 | D:14     | Noticed Yoshimo's ghost (journeyman OgMo)
 30674 | D:14     | Noticed theAP's ghost (journeyman HOFi)
 31479 | D:14     | Killed theAP's ghost
 31534 | D:14     | Received a gift from Trog
 31568 | D:14     | Found a gate to the Vaults.
 31630 | D:14     | Received a gift from Trog
 31680 | D:14     | Killed Yoshimo's ghost
 31891 | D:14     | Found a sparkling altar of Nemelex Xobeh.
 32330 | D:15     | Entered Level 15 of the Dungeon
 32341 | D:15     | Received a gift from Trog
 32865 | D:15     | Found a staircase to the Depths.
 32955 | D:15     | Got a smoking chain mail
 32962 | D:15     | Identified the +1 chain mail of Duck's Teeth {rN+ Dex+2} (You found it on level 15 of the Dungeon)
 33394 | Snake:1  | Entered Level 1 of the Snake Pit
 33498 | Snake:1  | Noticed Roxanne
 33528 | Snake:1  | Noticed Aizul
 33549 | Snake:1  | Killed Roxanne
 33562 | Snake:1  | Killed Aizul
 34003 | Snake:1  | Reached skill level 15 in Bows
 34288 | Snake:1  | Found Woawuwn's Gadget Boutique.
 34325 | Snake:1  | Found Ureorauk's Food Emporium.
 34575 | Snake:1  | Received a gift from Trog
 34702 | Snake:2  | Noticed Vashnia
 34734 | Snake:2  | Reached XP level 17. HP: 101/111 MP: 17/17
 34773 | Snake:2  | Killed Vashnia
 34773 | Snake:2  | Reached skill level 15 in Axes
 34900 | Snake:2  | Reached skill level 10 in Dodging
 35477 | Snake:2  | Noticed Kirke
 35488 | Snake:2  | Killed Kirke
 35507 | Snake:2  | Received a gift from Trog
 36073 | Snake:3  | Noticed Asterion
 36099 | Snake:3  | Killed Asterion
 36130 | Snake:3  | Found a frozen archway.
 36134 | IceCv    | Entered an ice cave
 36213 | IceCv    | Received a gift from Trog
 37233 | IceCv    | Noticed an Ice Fiend
 37248 | IceCv    | Killed from afar by an Ice Fiend

Skill      XL: |  1  2  3  4  5  6  7  8  9 10 11 12 13 14 15 16 17 |
---------------+----------------------------------------------------+-----
Axes           | 3 4 5 6 7 8 9 10 11 13 14 15 | 15.3
Fighting       | 4 5 6 7 8 9 10 11 12 14 | 14.8
Armour         | 3 4 5 6 7 8 9 10 11 12 13 | 13.3
Dodging        | 2 3 4 5 6 7 8 9 10 | 10.1
Bows           | 2 4 6 7 9 10 11 13 14 15 | 15.6

Action                   |  1- 3 |  4- 6 |  7- 9 | 10-12 | 13-15 | 16-18 || total
-------------------------+-------+-------+-------+-------+-------+-------++-------
Melee: Hand axe          |   130 |   158 |    99 |       |       |       ||   387
       War axe           |       |       |   186 |    49 |   653 |   376 ||  1264
       Battleaxe         |       |       |       |   821 |       |       ||   821
 Fire: Shortbow          |       |       |   246 |   471 |  1022 |   592 ||  2331
Invok: Berserk           |       |       |     2 |     5 |     9 |     3 ||    19
       Burn Spellbooks   |       |       |     1 |     7 |       |     2 ||    10
       Brothers in Arms  |       |       |       |       |     3 |     1 ||     4
       Trog's Hand       |       |       |       |       |       |     2 ||     2
  Use: Scroll            |       |     4 |     5 |    24 |     9 |     2 ||    44
       Potion            |       |       |       |       |     1 |       ||     1
  Eat: Chunk             |     2 |     4 |    18 |    35 |    43 |    10 ||   112
       Pizza             |       |       |       |     1 |       |     4 ||     5
       Beef jerky        |       |       |       |     1 |       |     1 ||     2
       Royal jelly       |       |       |       |     1 |     1 |       ||     2
       Bread ration      |       |       |       |       |       |     1 ||     1
       Fruit             |       |       |       |       |       |     1 ||     1
Armor: Animal skin       |    19 |       |       |       |       |       ||    19
       Scale mail        |    38 |   109 |   174 |   281 |   360 |   221 ||  1183
Dodge: Dodged            |    70 |   111 |   313 |   450 |   624 |   358 ||  1926
